 Dungeon Crawl Stone Soup version 0.27.1-4-g1640c2035a (webtiles) character file.

Game seed: 1346159547135216224

1883 Nixze the Cleaver (level 9, -15/74 HPs)
             Began as a Hill Orc Monk on Nov 18, 2021.
             Was an Initiate of Gozag.
             Demolished by an ogre (26 damage)
             ... on level 6 of the Dungeon.
             The game lasted 00:11:13 (4587 turns).

Nixze the Cleaver (Hill Orc Monk)                   Turns: 4587, Time: 00:11:13

Health: -15/74     AC: 10    Str: 17    XL:     9   Next: 14%
Magic:  9/9        EV:  7    Int: 10    God:    Gozag
Gold:   192        SH:  5    Dex: 13    Spells: 5/8 levels left

rFire    . . .     SeeInvis .   A - +0 battleaxe
rCold    + . .     Faith    .   (shield currently unavailable)
rNeg     + . .     Spirit   .   B - +0 chain mail
rPois    .         Reflect  +   (no helmet)
rElec    .         Harm     .   a - +0 cloak
rCorr    .         Rampage  .   (no gloves)
Will     +....                  s - +0 pair of boots of Existentialism {rC+}
Stlth    ..........             F - amulet of reflection
HPRegen  0.22/turn              G - ring of willpower
MPRegen  0.11/turn              y - ring of positive energy

@: no status effects
A: no striking features
a: Renounce Religion, Potion Petition, Call Merchant, Bribe Branch


You were on level 6 of the Dungeon.
You worshipped Gozag.
Gozag was aware of your devotion.
You visited 1 branch of the dungeon, and saw 6 of its levels.

You collected 738 gold pieces.
You spent 266 gold pieces at shops.
You paid 280 gold pieces to Gozag.

Inventory:

Hand Weapons
 v - a +2 halberd of venom
 A - a +0 battleaxe (weapon)
Missiles
 f - 147 stones
 u - 20 poisoned darts (quivered)
Armour
 a - a +0 cloak (worn)
 s - the +0 pair of boots of Existentialism (worn) {rC+}
   (You bought it in a shop on level 3 of the Dungeon)

   rC:        It protects you from cold.
 B - a +0 chain mail (worn)
Jewellery
 b - an amulet of regeneration
 x - a ring of wizardry
 y - a ring of positive energy (right hand)
 F - an amulet of reflection (around neck)
 G - a ring of willpower (left hand)
Wands
 g - a wand of paralysis (8)
Scrolls
 c - a scroll of fear {unknown}
 e - 2 scrolls of blinking {unknown}
 h - a scroll of torment {unknown}
 i - 5 scrolls of identify {unknown}
 m - 2 scrolls of teleportation {unknown}
 n - 2 scrolls of fog {unknown}
 p - a scroll of brand weapon {unknown}
 q - 2 scrolls of holy word {unknown}
 t - a scroll of immolation {unknown}
 C - 2 scrolls of noise {unknown}
 H - a scroll of enchant armour {unknown}
Potions
 d - 2 potions of flight {unknown}
 j - 2 potions of lignification
 k - a potion of ambrosia {unknown}
 l - 2 potions of mutation {unknown}
 o - a potion of curing
 r - a potion of berserk rage {unknown}
 w - a potion of heal wounds {unknown}
 z - 3 potions of attraction {unknown}
 D - a potion of brilliance {unknown}
 E - a potion of cancellation {unknown}


   Skills:
 + Level 5.1 Fighting
 + Level 14.3 Axes
 - Level 2.4 Dodging
 - Level 1.5 Stealth


You had 5 spell levels left.
You knew the following spells:

 Your Spells              Type           Power      Damage    Failure   Level
a - Confusing Touch       Hex            0%         N/A       100%        3

Your spell library contained the following spells:

 Spells                   Type           Power      Damage    Failure   Level
 Summon Small Mammal      Summ           0%         N/A       100%        1
 Blink                    Tloc           N/A        N/A       100%        2
 Slow                     Hex            0%         N/A       100%        2
 Static Discharge         Conj/Air       0%         N/A       100%        2
 Call Canine Familiar     Summ           0%         N/A       100%        3
 Summon Guardian Golem    Hex/Summ       0%         N/A       100%        3
 Dispel Undead            Necr           0%         3d6       100%        4
 Sticky Flame             Conj/Fire      0%         2d3       100%        4
 Manifold Assault         Tloc           0%         N/A       100%        5
 Yara's Violent Unravell  Hex/Tmut       0%         3d3       100%        5
 Storm Form               Tmut/Air       0%         N/A       100%        7


Dungeon Overview and Level Annotations

Branches:
Dungeon (6/15)
 Temple: D:4-7

Altars:
Gozag
Nemelex Xobeh
Sif Muna
Vehumet
Yredelemnul

Shops:
D:3 *


Message History

Found a scroll labelled NIESIF YZIMYUR.
A hound is nearby!
A hound is nearby!
The hound barely misses you.
You barely miss the hound.
The hound bites you but does no damage. x2
You closely miss the hound. The hound barely misses you.
You hit the hound but do no damage.
The hound bites you but does no damage. x2
You barely miss the hound. The hound barely misses you.
You closely miss the hound. The hound barely misses you. x2
You hit the hound.
The hound is moderately wounded.
The hound bites you but does no damage.
You slash the hound!
You kill the hound!
No target in view!
You now have 192 gold pieces (gained 6).
i - 5 scrolls labelled NIESIF YZIMYUR (gained 1)
Found a stone staircase leading down.
An ogre comes into view. It is wielding a +0 giant club.
The ogre shouts!
The ogre barely misses you.
You slash the ogre!
The ogre is moderately wounded.
The ogre hits you with a +0 giant club!!
You completely miss the ogre.
The ogre is moderately wounded.
You closely miss the ogre.
The ogre is moderately wounded.
The ogre hits you with a +0 giant club!!
You are too injured to fight recklessly!
You are too injured to fight recklessly!
You slash the ogre!
The ogre is heavily wounded.
The ogre hits you with a +0 giant club!!
* * * LOW HITPOINT WARNING * * *
Your chain mail prevents you from hitting the ogre.
The ogre is heavily wounded.
The ogre hits you with a +0 giant club!!
You die...
Your body crumbles into a pile of gold.

##.#...........
#.##.....#..##
###......# ...
#....##..# ..
#........... .
##.......##. $
#.........
###.........
#O@.........
#............
#...........
#....#...>..
...###......
##.# #..... ##
....# ...


You could see an ogre.

Vanquished Creatures
  Grinder (D:3)
  A water moccasin (D:6)
  An ice beast (D:5)
  An orc warrior (D:5)
  3 ogres
  2 necrophages
  A centaur (D:6)
  A phantom (D:4)
  A bullfrog (D:6)
  2 scorpions (D:5)
  A water moccasin zombie (D:5)
  A bullfrog zombie (D:5)
  3 hounds (D:6)
  2 jellies
  An orc priest (D:6)
  A centaur skeleton (D:4)
  2 bullfrog skeletons
  2 orc wizards (D:6)
  Natasha (thrice) (D:3)
  2 iguanas
  A howler monkey zombie (D:5)
  3 adders
  A white imp (D:6)
  An ufetubus (D:4)
  2 worms
  3 dart slugs
  9 orcs
  4 ball pythons
  9 endoplasms
  A giant cockroach (D:3)
  3 goblins
  8 hobgoblins
  2 jackals (D:1)
  4 kobolds
  2 quokkas
  3 bats
  A frilled lizard (D:2)
  5 rats
94 creatures vanquished.

Notes
Turn   | Place    | Note
-------+----------+-------------------------------------------
     0 | D:1      | Nixze the Hill Orc Monk began the quest for the Orb.
     0 | D:1      | Reached XP level 1. HP: 19/19 MP: 1/1
   356 | D:1      | Reached XP level 2. HP: 18/26 MP: 2/2
   783 | D:1      | Reached skill level 5 in Axes
   846 | D:1      | Found a faded altar of an unknown god.
  1460 | D:2      | Found an opulent altar of Gozag.
  1477 | D:2      | Reached XP level 3. HP: 28/31 MP: 3/3
  1486 | D:2      | Became a worshipper of Gozag Ym Sagoz the Greedy
  1707 | D:2      | Reached skill level 6 in Axes
  2004 | D:3      | Reached XP level 4. HP: 37/39 MP: 4/4
  2164 | D:3      | Found a sparkling altar of Nemelex Xobeh.
  2165 | D:3      | Noticed Natasha
  2177 | D:3      | Killed Natasha
  2191 | D:3      | Noticed Natasha
  2201 | D:3      | Killed Natasha
  2202 | D:3      | Reached skill level 7 in Axes
  2202 | D:3      | Reached XP level 5. HP: 39/45 MP: 5/5
  2238 | D:3      | Noticed Grinder
  2358 | D:3      | Noticed Natasha
  2368 | D:3      | Killed Natasha
  2386 | D:3      | Paralysed by Grinder for 5 turns
  2412 | D:3      | Paralysed by Grinder for 4 turns
  2427 | D:3      | Killed Grinder
  2428 | D:3      | Reached skill level 9 in Axes
  2428 | D:3      | Reached XP level 6. HP: 30/51 MP: 6/6
  2460 | D:3      | Found Izead Xuix's Assorted Antiques.
  2470 | D:3      | Bought a pair of heavily runed boots for 266 gold pieces
  2470 | D:3      | Identified the +0 pair of boots of Existentialism {rC+}
                  | (You bought it in a shop on level 3 of the Dungeon)
  2686 | D:4      | Noticed a necrophage
  2696 | D:4      | Killed a necrophage
  2697 | D:4      | Reached skill level 10 in Axes
  2697 | D:4      | Reached XP level 7. HP: 51/57 MP: 7/7
  3074 | D:4      | Found a shimmering blue altar of Sif Muna.
  3080 | D:4      | Found a radiant altar of Vehumet.
  3085 | D:4      | Found a basalt altar of Yredelemnul.
  3151 | D:4      | Reached skill level 11 in Axes
  3238 | D:5      | Entered Level 5 of the Dungeon
  3366 | D:5      | Reached XP level 8. HP: 63/64 MP: 8/8
  3393 | D:5      | Reached skill level 12 in Axes
  3839 | D:5      | Reached skill level 13 in Axes
  4043 | D:6      | Reached skill level 14 in Axes
  4116 | D:6      | Learned a level 3 spell: Confusing Touch
  4189 | D:6      | Reached XP level 9. HP: 39/71 MP: 9/9
  4193 | D:6      | HP: 1/71 [water moccasin (8)]
  4199 | D:6      | Reached skill level 5 in Fighting
  4201 | D:6      | HP: 5/111 [poisoned by a water moccasin]
  4204 | D:6      | HP: 1/74 [poisoned by a water moccasin]
  4587 | D:6      | Demolished by an ogre

Illustrated notes

Levels and vault maps discovered:
D:1:      amcnicky_arrival_choice, layout_loops_ring, basic_ecumenical_altar
D:2:      layout_rooms, basic_altar, wad_floor_pattern_untrapped
D:3:      layout_rooms, mainiacjoe_overflow_tiny_flanked, serial_shops,
          nicolae_shop_trees, uniq_natasha, uniq_grinder
D:4:      layout_cave_pools, minmay_overflow_temple_star_quad
D:5:      layout_cave_pools, grunt_ministairs_8
D:6:      layout_cave_pools, minmay_temple_entry_antechambers

Skill      XL: |  1  2  3  4  5  6  7  8  9 |
---------------+----------------------------+-----
Axes           | 5 6 7 9 10 11 14 | 14.3
Fighting       | 4 5 |  5.1
Dodging        | |  2.4
Stealth        | |  1.5

Action                   |  1- 3 |  4- 6 |  7- 9 || total
-------------------------+-------+-------+-------++-------
Melee: Hand axe          |    64 |       |       ||    64
       Whip              |    60 |    83 |       ||   143
       Halberd           |       |    19 |    40 ||    59
       Battleaxe         |       |       |   105 ||   105
Throw: Stone             |       |    16 |       ||    16
       Dart              |       |       |     9 ||     9
Invok: Potion Petition   |       |       |     1 ||     1
  Use: Potion            |       |     1 |     4 ||     5
 Stab: Sleeping          |     2 |       |       ||     2
       Distracted        |     1 |       |       ||     1
Armor: Robe              |     4 |       |       ||     4
       Ring mail         |    22 |    34 |    14 ||    70
       Skin              |       |     4 |    35 ||    39
       Chain mail        |       |       |    72 ||    72
Dodge: Dodged            |    48 |    49 |    54 ||   151
Block: Other             |       |       |     4 ||     4
